 Dungeon Crawl Stone Soup version 0.31-a0-654-gbe3e110b4e (webtiles) character file.

Game seed: 5124412861977436482

7042507 holysushi the Spellbinder (level 27, 226/226 HPs)
             Began as a Djinni Earth Elementalist on Aug 26, 2023.
             Was an Initiate of Gozag.
             Escaped with the Orb
             ... and 10 runes on Aug 29, 2023!
             The game lasted 04:17:39 (107223 turns).

holysushi the Spellbinder (DjEE)                  Turns: 107223, Time: 04:17:40

Health: 226/226    AC: 17    Str:  3    XL:     27
Gold:   15991      EV: 54    Int: 26    God:    Gozag SH:  0 Dex: 44

rFire   + + +        P - +3 dagger of Biyfisch {freeze, Will++ rCorr SInv Stlth-}
rCold   + + .        X - sphere of Battle
rNeg    . . .        c - +5 moon troll leather armour {Spirit, Regen++ MP+5}
rPois   ∞            V - +1 helmet "Qon Tor" {rF+ Str-2 Dex+4}
rElec   .            e - +1 cloak "Zeygebru" {rF+ Int+2}
rCorr   +            Z - +2 pair of gloves of Wybbao {rC+ Will+ Dex+3 Slay+2}
SInv    +            (boots unavailable)
Will    +++++        C - amulet of Vitality {RegenMP++ Regen++}
Stlth   +++          L - ring "Emnuj" {Contam EV+5 Int+3 Dex+2 Stlth+}
HPRegen 3.77/turn    j - ring "Gauczebi" {Wiz rC++ Dex+3}
MPRegen 0.00/turn

%: guardian spirit, wizardry (x1)
@: flying, studying 3 skills
A: sickness immunity, fire resistance 2, cold vulnerability 1, float, innate
caster, HP casting, extra vitality 1, thin skeletal structure 1, agile 1, clever
1
0: Orb of Zot
}: 10/15 runes: decaying, slimy, silver, abyssal, demonic, glowing, magical,
fiery, dark, gossamer
a: Renounce Religion, Potion Petition, Call Merchant, Bribe Branch


You escaped.
You worshipped Gozag.
Gozag was extremely pleased with you.
You visited 13 branches of the dungeon, and saw 57 of its levels.
You visited Pandemonium 1 time, and saw 15 of its levels.
You visited the Abyss 1 time.
You visited 1 bazaar.
You also visited: Bailey and Ice Cave.

You collected 46255 gold pieces.
You spent 13501 gold pieces at shops.
You paid 16763 gold pieces to Gozag.

Inventory:

Hand Weapons
 l - the +9 sword of Power {lifebolt}
   (You took it off a vault guard on level 5 of the Vaults)
 P - the +3 dagger of Biyfisch (weapon) {freeze, Will++ rCorr SInv Stlth-}
   (You bought it in a shop on level 2 of the Orcish Mines)

   Will++:    It greatly increases your willpower.
   SInv:      It lets you see invisible.
   rCorr:     It protects you from acid and corrosion.
   Stlth-:    It makes you less stealthy.
Missiles
 b - 6 throwing nets
Armour
 c - the +5 moon troll leather armour (worn) {Spirit, Regen++ MP+5}
   (You bought it in a shop on level 2 of the Vaults)

   MP+5:      It affects your magic capacity (+5).
   Regen++:   It increases your rate of health regeneration.
 e - the +1 cloak "Zeygebru" (worn) {rF+ Int+2}
   (You bought it in a shop on level 5 of the Dungeon)

   Int+2:     It affects your intelligence (+2).
   rF+:       It protects you from fire.
 v - the +0 pair of gloves of the Constellations {rElec rF+ rN+ Int+3}
   (You found it on level 4 of the Spider Nest)

   Int+3:     It affects your intelligence (+3).
   rF+:       It protects you from fire.
   rElec:     It insulates you from electricity.
   rN+:       It protects you from negative energy.
 y - a +2 helmet
 Q - the +0 robe of the Thoughtful Violins {Archmagi}
   (You found it in Pandemonium)

   Archmagi:  It increases the power of your magical spells.
 V - the +1 helmet "Qon Tor" (worn) {rF+ Str-2 Dex+4}
   (You found it in Pandemonium)

   Str-2:     It affects your strength (-2).
   Dex+4:     It affects your dexterity (+4).
   rF+:       It protects you from fire.
 X - the sphere of Battle (worn)
   (You found it on level 4 of the Spider Nest)

   Battle:    It summons a battlesphere in combat, with strength depending on
   Conjurations skill.
   Destructive: It enhances your destructive magic, and weakens non-destructive
   magic.
 Z - the +2 pair of gloves of Wybbao (worn) {rC+ Will+ Dex+3 Slay+2}
   (You took it off Nikola on level 3 of the Elven Halls)

   Dex+3:     It affects your dexterity (+3).
   Slay+2:    It affects your accuracy & damage with ranged weapons and melee
   (+2).
   rC+:       It protects you from cold.
   Will+:     It increases your willpower.
Jewellery
 j - the ring "Gauczebi" (right hand) {Wiz rC++ Dex+3}
   (You took it off an ironbound convoker on level 2 of the Vaults)

   [ring of wizardry]

   Wiz:       It improves your spell success rate.
   Dex+3:     It affects your dexterity (+3).
   rC++:      It greatly protects you from cold.
 C - the amulet of Vitality (around neck) {RegenMP++ Regen++}
   (You bought it in a shop on level 1 of the Depths)

   [amulet of magic regeneration]

   RegenMP:   It increases your rate of magic regeneration.
   Regen++:   It increases your rate of health regeneration.
 I - the ring of the Tortoise {AC+8}
   (You found it on level 5 of the Pits of Slime)

   [ring of protection]

   AC+8:      It affects your AC (+8).
 L - the ring "Emnuj" (left hand) {Contam EV+5 Int+3 Dex+2 Stlth+}
   (You bought it in a shop on level 1 of the Lair of Beasts)

   [ring of evasion]

   EV+5:      It affects your evasion (+5).
   Int+3:     It affects your intelligence (+3).
   Dex+2:     It affects your dexterity (+2).
   Contam:    It causes magical contamination when unequipped.
   Stlth+:    It makes you more stealthy.
 O - the ring of the Lusting Gods {Contam rElec rF+ rCorr Dex+6}
   (You bought it in a shop in a bazaar)

   [ring of dexterity]

   Dex+6:     It affects your dexterity (+6).
   rF+:       It protects you from fire.
   rElec:     It insulates you from electricity.
   Contam:    It causes magical contamination when unequipped.
   rCorr:     It protects you from acid and corrosion.
 S - the ring "Xeadd" {*Slow rC+++ Will+ rCorr Str-4}
   (You found it in Pandemonium)

   [ring of willpower]

   Str-4:     It affects your strength (-4).
   rC+++:     It renders you almost immune to cold.
   Will+:     It increases your willpower.
   rCorr:     It protects you from acid and corrosion.
   *Slow:     It may slow you when you take damage.
 W - the ring of Degu {rC- Will+ rCorr Str+3 Int+8}
   (You found it in Pandemonium)

   [ring of willpower]

   Str+3:     It affects your strength (+3).
   Int+8:     It affects your intelligence (+8).
   rC-:       It makes you vulnerable to cold.
   Will+:     It increases your willpower.
   rCorr:     It protects you from acid and corrosion.
Wands
 u - a wand of roots (80)
 x - a wand of flame (11)
 A - a wand of digging (41)
 E - a wand of quicksilver (60)
Scrolls
 d - 10 scrolls of blinking
 m - 14 scrolls of immolation
 r - 14 scrolls of enchant armour
 F - 2 scrolls of summoning
 G - 22 scrolls of teleportation
 K - 7 scrolls of revelation
 M - 13 scrolls of vulnerability
 N - 7 scrolls of fear
 T - 5 scrolls of silence
 U - 11 scrolls of fog
Potions
 f - 5 potions of resistance
 g - 15 potions of haste
 h - 11 potions of might
 i - 24 potions of curing
 k - 11 potions of invisibility
 n - 7 potions of lignification
 o - 7 potions of enlightenment
 q - 18 potions of brilliance
 t - 7 potions of berserk rage
 w - 2 potions of mutation
 z - 7 potions of ambrosia
 H - 17 potions of heal wounds
 R - 11 potions of attraction
 Y - 5 potions of cancellation
Miscellaneous
 a - the horn of Geryon
 p - a phantom mirror
 s - a lightning rod (4/4)
 B - a phial of floods
 D - a tin of tremorstones (2/2)
 J - a sack of spiders


   Skills:
 - Level 26.9 Fighting
 - Level 10.0 Short Blades
 - Level 10.0 Armour
 - Level 26.9 Dodging
 - Level 10.0 Stealth
 - Level 5.0 Shields
 O Level 27 Spellcasting
 O Level 27 Conjurations
 O Level 27 Hexes
 O Level 27 Summonings
 O Level 27 Necromancy
 O Level 27 Translocations
 O Level 27 Transmutations
 O Level 27 Fire Magic
 O Level 27 Ice Magic
 O Level 27 Air Magic
 O Level 27 Earth Magic
 O Level 27 Poison Magic
 + Level 23.9 Evocations


You knew the following spells:

 Your Spells              Type           Power      Damage    Failure   Level
a - Fire Storm            Conj/Fire      66%        8d17      1%          9
b - Irradiate             Conj/Tmut      66%        3d33      0%          5
c - Starburst             Conj/Fire      66%        6d17      0%          6
d - Ozocubu's Refrigerat  Ice            66%        4d22      0%          7
e - Ignition              Fire           66%        3d18      1%          8
f - Conjure Ball Lightni  Conj/Air       66%        3x3d25    0%          6
g - Discord               Hex            36%        N/A       1%          8
h - Sandblast             Erth           100%       2d20      0%          1
i - Passwall              Tmut/Erth      60%        N/A       0%          2
j - Stone Arrow           Conj/Erth      100%       3d13      0%          3
k - Mephitic Cloud        Conj/Pois/Air  100%       N/A       0%          3
l - Dispersal             Tloc           36%        N/A       0%          6
m - Searing Ray           Conj           100%       2d8       0%          2
n - Freezing Cloud        Conj/Ice/Air   66%        6-21      0%          5
o - Ensorcelled Hibernat  Hex/Ice        100%       N/A       0%          2
p - Petrify               Tmut/Erth      73%        N/A       0%          4
z - Apportation           Tloc           100%       N/A       0%          1
Your spell library was empty.

Dungeon Overview and Level Annotations

Branches:
Dungeon (15/15)            Temple (1/1) D:7            Lair (5/5) D:10
  Swamp (4/4) Lair:3       Spider (4/4) Lair:2        Slime (5/5) Lair:5
    Orc (2/2) D:10            Elf (3/3) Orc:2        Vaults (5/5) D:13
  Crypt (3/3) Vaults:3       Tomb (0/3) Crypt:3      Depths (4/4) D:15
   Hell (visited)             Dis (0/7) Hell            Geh (0/7) Hell
    Coc (0/7) Hell            Tar (0/7) Hell            Zot (5/5) Depths:4
 Bailey (visited)           IceCv (visited)

Altars:
Ashenzari
Cheibriados
Dithmenos
Elyvilon
Fedhas
Gozag
Hepliaklqana
Makhleb
Nemelex Xobeh
Okawaru
Qazlal
Ru
Trog
Uskayaw
Wu Jian
Xom
Yredelemnul
Zin
The Shining One
Jiyva
Lugonu

Shops:
D:5 [   D:8 (   D:9 [*   D:10 [   D:14 (   Orc:2 [(?(   Elf:2 *   Elf:3 **!
Lair:1 =   Lair:5 ?   Swamp:3 [:   Spider:3 =   Vaults:1 ?(   Vaults:2 [
Vaults:3 *!   Vaults:5 =   Depths:1 ((*:=:*   Depths:4 =

Portals:
Hell: Depths:1 Depths:2 Depths:3 Depths:4
Abyss: Depths:3
Pandemonium: Depths:2
Ziggurat: Depths:4

Annotations:
D:4 1 runed translucent door, 2 transporters, Age's ghost, amateur MiFi
Spider:3 exclusion: downstairs


Innate Abilities, Weirdness & Mutations

You are immune to sickness and miasma.
You are immune to poison.
Your flesh is very heat resistant. (rF++)
You are vulnerable to cold. (rC-)
You float through the air rather than walking.
You learn spells naturally, not from books.
Your magical power is your life essence.
You have superior vitality. (+4 MHP)
You have a somewhat thin skeletal structure. (Dex +2, Stealth+)
You are agile. (Dex +4, Str/Int -1)
Your mind is acute. (Int +4, Str/Dex -1)


Message History

You hear a hideous shriek!
An Executioner comes into view.
The Executioner is engulfed in blazing flames.
Okay, then.
Casting: Fire Storm (mildly dangerous; 1% risk of failure)
Confirm with . or Enter, or press ? or * to list all spells.
Aiming: Fire Storm (mildly dangerous; 1% risk of failure)
Press: ? - help, Dir - move target, f - Executioner
Aim: an Executioner (lightly wounded)
You feel a surge of power!
A raging storm of fire appears!
The great blast of fire engulfs the Executioner!!!
The Executioner partially resists.
The Executioner is severely wounded.
You conjure a globe of magical energy.
The Executioner is engulfed in blazing flames.
The Executioner gestures.
The Executioner seems to speed up.
The Executioner is engulfed in blazing flames.
Casting: Fire Storm (mildly dangerous; 1% risk of failure)
Confirm with . or Enter, or press ? or * to list all spells.
Aiming: Fire Storm (mildly dangerous; 1% risk of failure)
Press: ? - help, Dir - move target, f/p - Executioner
Aim: an Executioner (severely wounded, fast)
You feel a surge of power!
A raging storm of fire appears!
The great blast of fire engulfs the Executioner!!
The Executioner partially resists.
You kill the Executioner!
Your battlesphere is engulfed in blazing flames. x3
You swap places.
You swap places.
You are engulfed in blazing flames.
You resist.
You swap places.
You are engulfed in blazing flames.
You resist.
You now have 15991 gold pieces (gained 11).
There is a staircase leading out of the dungeon here.
Saving game... please wait.
Welcome back, holysushi the Djinni Earth Elementalist.
Gozag says: Greed is good.
Press ? for a list of commands and other information.
You can't go down here!
You have escaped!

....#### #.# #..# #.# ....# #.#
#..##### #.# ...## #.# #......#
#.# ...# #.# ####.#.# #.# ...#
#.######.#.##### #.# .###
#..............# #.# ##
###############.#.#####.#
.########.........# #.........#
................@.#####.#.#######
##########......*.#^.>#.[.#
##.......)#####...##
##...#.....##....#..#
##...###$...##....#..# ##...##
##.####..###..# ##...## #.#
#.......# #...## ##.# ####..>##
##.#######..## ###.#


You could see a friendly battlesphere.

Vanquished Creatures
  Cerebov (Pan)
  Gloorx Vloq (Pan)
  the Royal Jelly (Slime:5)
  Mnoleg (Pan)
  Lom Lobon (Pan)
  4 dread liches
  Khufu (Crypt:3)
  4 orbs of fire
  8 ancient liches
  Mennas (Crypt:3)
  A juggernaut (Abyss:3)
  Bai Suzhen (Vaults:4)
  3 Killer Klowns (Zot:5)
  Frederick (Vaults:4)
  2 curse toes
  12 golden dragons
  Nikola (Elf:3)
  Geryon (Hell)
  4 doom hounds (Hell)
  A shard shrike zombie (Crypt:2)
  The ghost of Tollund the Devastator, an adept GrEE of Vehumet (Vaults:2)
  6 Brimstone Fiends
  6 Tzitzimimeh (Pan)
  Jorgrun (D:14)
  The ghost of Eugor the Sorcerer, an adept DECj of Vehumet (Vaults:3)
  2 electric golems (Zot:5)
  23 tentacled monstrosities
  9 pandemonium lords (Pan)
  2 Ice Fiends
  10 Hell Sentinels (Pan)
  24 Orb Guardians (Zot:5)
  Asterion (Vaults:1)
  9 liches
  10 death cobs
  8 sphinxes
  A deep elf master archer (Elf:3)
  4 titans
  A deep elf blademaster (Elf:2)
  3 quicksilver dragons
  9 acid blobs
  A tentacled starspawn (Abyss:3)
  37 Executioners
  5 ancient champions
  2 thorn hunters
  An eldritch tentacle (Zot:2)
  The ghost of justen the Severer, an adept HOBe of Trog (Depths:2)
  Agnes (Spider:4)
  11 shadow dragons
  5 tengu reavers
  6 storm dragons
  Aizul (Vaults:1)
  13 rockslimes
  2 daevas
  5 draconian knights
  13 azure jellies
  3 revenants
  6 draconian monks
  12 deep elf sorcerers
  2 iron dragons
  5 fire giants
  13 frost giants
  5 demonspawn warmongers (Pan)
  16 vault wardens
  9 emperor scorpions
  5 deep elf elementalists (Elf:3)
  8 draconian scorchers
  The ghost of Fisiatsi the Skinwalker, a journeyman TrSh of Wu Jian (Orc:1)
  A frost giant (shapeshifter) (Vaults:5)
  Louise (Spider:3)
  29 balrugs
  5 ghost moths
  An angel (Abyss:3)
  A caustic shrike zombie (Crypt:3)
  9 demonspawn corrupters
  3 ghouls
  19 stone giants
  3 draconian shifters
  3 spriggan defenders
  7 draconian annihilators
  2 draconian stormcallers
  28 very ugly things
  A juggernaut skeleton (Crypt:2)
  27 ironbound preservers
  30 cacodemons (Pan)
  6 curse skulls
  5 quicksilver oozes
  12 reapers
  2 ophanim (Abyss:3)
  7 demonspawn blood saints
  2 caustic shrike skeletons
  An orc warlord (Orc:2)
  4 vampire knights
  6 formless jellyfish
  7 ironbound thunderhulks
  The ghost of turgid the Basher, a journeyman MiBe of Trog (Lair:1)
  9 demonspawn black suns (Pan)
  5 war gargoyles
  12 green draconians
  A deep elf demonologist (Elf:3)
  5 bunyips
  9 black draconians
  7 yellow draconians
  19 lorocyprocas
  10 eleionomae
  2 spark wasps (Spider:4)
  9 dire elephants
  8 red draconians
  10 deep elf annihilators
  A starcursed mass (Abyss:3)
  12 deep elf death magi
  A spectral titan (Vaults:2)
  8 purple draconians
  12 white draconians
  6 statues (Depths:2)
  11 eidola
  18 ettins
  12 blizzard demons
  20 yaktaur captains
  3 crystal guardians
  21 green deaths
  10 deep elf high priests
  2 shambling mangroves
  A mummy priest (Crypt:3)
  5 hell beasts (Pan)
  10 fire dragons
  3 spriggan zombies (Crypt:3)
  A quicksilver dragon skeleton (Depths:2)
  A fenstrider witch zombie (Crypt:2)
  A jorogumo (Spider:4)
  16 ice dragons
  6 rakshasas
  9 great orbs of eyes
  10 hydras
  Harold (D:10)
  A catoblepas (D:13)
  3 peacekeepers
  4 salamander tyrants (Depths:2)
  34 vault guards
  2 ghost crabs
  9 alligators
  4 spriggan air magi
  3 radroaches
  3 centaur warriors
  10 ironbound frosthearts
  A death knight (Crypt:1)
  10 boulder beetles
  9 deep troll shamans
  A two-headed ogre (D:13)
  3 deep troll earth magi
  29 dancing weapons
  A titan zombie (Crypt:3)
  10 hell hogs
  6 vampire magi
  6 tengu warriors
  3 spriggan berserkers (Depths:3)
  2 orc high priests
  46 demonic crawlers
  2 thrashing horrors (Abyss:3)
  16 hell knights
  47 soul eaters
  A quicksilver ooze zombie (Crypt:2)
  81 sun demons
  A wretched star (Abyss:3)
  2 salamander mystics (Depths:2)
  22 deep elf knights
  6 iron trolls
  2 skysharks
  2 titan skeletons
  11 shadow wraiths
  56 deep trolls
  3 pharaoh ants
  5 goliath frogs
  Lodul (D:13)
  45 sixfirhies (Pan)
  8 skeletal warriors
  13 shadow demons (Pan)
  6 spriggan druids
  6 glowing orange brains
  2 orange crystal statues
  An orb spider (shapeshifter) (Depths:3)
  5 bog bodies
  An obsidian statue (Vaults:3)
  5 swamp dragons
  3 anaconda skeletons (Pan)
  A glowing orange brain (shapeshifter) (Vaults:5)
  14 wizards
  7 orb spiders
  25 ironbound convokers
  12 lindwurms
  2 cherubim (Abyss:3)
  4 steelbarb worms (Spider:4)
  Pikel (D:9)
  17 deep elf archers
  6 orc knights
  4 flayed ghosts
  32 deep elf pyromancers
  10 phantasmal warriors
  2 bunyip skeletons
  5 harpies (Vaults:2)
  18 necromancers
  An iron dragon zombie (Crypt:3)
  A harpy (shapeshifter) (D:14)
  9 shining eyes
  35 deep elf zephyrmancers
  A sphinx simulacrum (Depths:2)
  2 manticores
  69 ugly things
  A mana viper (shapeshifter) (Elf:2)
  3 oklob plants (Lair:5)
  An eleionoma zombie (Crypt:2)
  3 orc sorcerers
  21 wolf spiders
  A jorogumo zombie (Crypt:1)
  A tengu skeleton (Crypt:3)
  4 cyclopes
  4 will-o-the-wisps
  A centaur zombie (Crypt:1)
  7 salamanders (Depths:2)
  A manticore (shapeshifter) (Depths:1)
  An iron dragon skeleton (Crypt:3)
  29 moths of wrath
  2 guardian serpents (shapeshifter)
  A dire elephant zombie (Crypt:3)
  A stone giant skeleton (Crypt:1)
  13 elephants (Lair:5)
  An elephant (shapeshifter) (Vaults:1)
  An apocalypse crab (Abyss:3)
  An alligator skeleton (Hell)
  2 guardian serpents (Depths:1)
  A water nymph (shapeshifter) (Depths:3)
  3 black mambas
  8 rust devils
  3 eyes of devastation (Slime:5)
  33 orange demons
  62 smoke demons
  15 vault sentinels
  3 molten gargoyles (Hell)
  4 torpor snails
  A centaur skeleton (Crypt:2)
  13 rime drakes
  Jeremiah (D:9)
  6 cane toads
  35 yaktaurs
  Maggie (D:9)
  A catoblepas zombie (Crypt:3)
  18 hellions (Pan)
  A rime drake (shapeshifter) (Elf:3)
  Psyche (D:9)
  An unseen horror (D:12)
  An unseen horror (shapeshifter) (D:14)
  12 komodo dragons
  4 naga skeletons
  2 kobold demonologists
  A white draconian zombie (Crypt:1)
  An alligator snapping turtle skeleton (Pan)
  5 ice devils
  A komodo dragon (shapeshifter) (Depths:4)
  13 tengu conjurers
  17 efreet
  3 sea snake zombies (Hell)
  16 freezing wraiths
  4 trolls
  A guardian mummy (Crypt:1)
  A hydra zombie (Crypt:3)
  9 meliai
  16 tormentors
  45 hellwings
  9 red devils
  23 hornets
  6 harpy zombies (Crypt:3)
  16 polar bears
  A meliai (shapeshifter) (Vaults:5)
  16 tarantellas
  2 hornets (shapeshifter)
  A hydra skeleton (Hell)
  11 tyrant leeches
  A tarantella (shapeshifter) (Vaults:5)
  3 raiju (Abyss:3)
  An alligator simulacrum (Hell)
  6 harpy skeletons
  Prince Ribbit (D:8)
  An iron dragon simulacrum (Crypt:1)
  27 blink frogs
  33 jumping spiders
  8 dream sheep (Lair:5)
  9 culicivoras
  54 slime creatures
  6 wyverns
  A merfolk skeleton (Pan)
  25 spriggans
  3 air elementals
  43 ynoxinuls (Pan)
  3 fire elementals
  A vampire (D:12)
  7 spriggan skeletons
  5 water elementals
  13 wraiths
  7 basilisks
  27 yaks
  2 ushabtiu (Crypt:3)
  32 neqoxecs (Pan)
  19 golden eyes
  A steam dragon (D:8)
  16 humans (D:13)
  36 chaos spawn
  2 sea snake simulacra (Hell)
  4 swamp worm simulacra (Swamp:4)
  64 redbacks
  11 swamp worms
  55 large abominations
  14 vampire mosquitoes
  A yaktaur simulacrum (Vaults:2)
  Grum (D:9)
  A naga zombie (Crypt:3)
  5 wargs
  19 water moccasins
  2 acid dragons
  16 hydra simulacra
  A two-headed ogre skeleton (Crypt:1)
  7 black bears
  2 swamp drakes (Swamp:1)
  A deep troll skeleton (Crypt:2)
  50 orc warriors
  An ice beast (D:5)
  A sky beast (D:7)
  33 wolves
  An ice beast (shapeshifter) (Elf:3)
  9 ogres
  4 boggarts (Lair:5)
  5 centaurs
  A phantom (D:7)
  4 lemures (D:9)
  12 kobold brigands
  23 bullfrogs
  4 necrophages (Crypt:2)
  2 gnoll sergeants
  A glowing shapeshifter simulacrum (Vaults:2)
  A cyclops zombie (Crypt:2)
  2 earth elementals
  5 scorpions
  7 wyvern skeletons (Crypt:3)
  17 killer bees
  A raiju skeleton (Crypt:2)
  4 howler monkeys
  3 electric eels
  3 crimson imps (Pan)
  4 small abominations (Abyss:3)
  3 jellies
  19 orc priests
  An iron imp (Abyss:3)
  4 iguanas
  A sleepcap (D:6)
  Natasha (thrice) (D:2)
  20 orc wizards
  20 hell rats
  An acid dragon zombie (Crypt:1)
  A hound skeleton (Crypt:1)
  A mummy (Crypt:3)
  23 gnolls
  A steam dragon zombie (Crypt:2)
  5 adders
  11 river rats (Lair:3)
  A shadow imp (D:5)
  2 white imps
  4 swamp drake simulacra (Swamp:4)
  An ufetubus (D:6)
  An iguana skeleton (Crypt:1)
  A worm (D:2)
  A dart slug (D:1)
  92 orcs
  8 ball pythons
  7 endoplasms
  5 giant cockroaches
  10 goblins
  4 hobgoblins
  8 quokkas
  2 bats (D:1)
  A dart slug zombie (Crypt:1)
  2 frilled lizards
  37 kobolds
  8 rats
  4 ball lightnings (Zot:3)
  339 fire vortices
  A spectral weapon (Depths:3)
3727 creatures vanquished.

Vanquished Creatures (collateral kills)
  A dread lich (Zot:5)
  A pandemonium lord (Pan)
  A tentacled monstrosity (Zot:5)
  An Orb Guardian (Zot:5)
  An Executioner (Pan)
  2 storm dragons
  A fire giant (Depths:1)
  A draconian knight (Zot:3)
  A curse skull (Pan)
  A cacodemon (Pan)
  A ghost moth (Zot:5)
  A juggernaut skeleton (Pan)
  A black draconian (Zot:4)
  A white draconian (Zot:5)
  2 eidola (Crypt:3)
  A green death (Pan)
  A spriggan zombie (Crypt:3)
  A demonic crawler (Pan)
  4 soul eaters (Pan)
  A sixfirhy (Pan)
  A skeletal warrior (Crypt:2)
  A glowing orange brain (Pan)
  A golden dragon skeleton (Crypt:3)
  2 phantasmal warriors (Crypt:3)
  A moth of wrath (Zot:3)
  A draconian skeleton (Pan)
  2 smoke demons (Pan)
  2 hellions (Pan)
  A guardian mummy (Crypt:1)
  A harpy skeleton (Crypt:3)
  A hellwing (Pan)
  2 large abominations (Pan)
  A wraith (Crypt:3)
  4 ynoxinuls (Pan)
  A redback (Spider:2)
  2 neqoxecs (Pan)
  A chaos spawn (Pan)
  A human zombie (Crypt:1)
  A human skeleton (Crypt:1)
  9 mummies
  3 fire vortices (Pan)
64 creatures vanquished.

Vanquished Creatures (others)
  A pandemonium lord (Zot:3)
  A tentacled monstrosity (Vaults:5)
  2 eldritch tentacles (Pan)
  A formless jellyfish (Vaults:1)
  A deep elf death mage (Elf:3)
  A necromancer (Crypt:1)
  A wraith (Crypt:1)
  A neqoxec (Pan)
  A chaos spawn (Pan)
  12 ball lightnings
  712 fire vortices
  8 foxfires
  2 starspawn tentacles (Abyss:3)
744 creatures vanquished.

Grand Total: 4535 creatures vanquished

Notes
Turn   | Place    | Note
-------+----------+-------------------------------------------
     0 | D:1      | holysushi the Djinni Earth Elementalist began the quest for
                  | the Orb.
     0 | D:1      | holysushi set off with the following spells memorised:
                  | Sandblast, Passwall, Stone Arrow, Petrify.
     0 | D:1      | Reached XP level 1. HP: 15/15 MP: 0/0
   167 | D:1      | Reached XP level 2. HP: 20/21 MP: 0/0
   286 | D:1      | Reached XP level 3. HP: 23/25 MP: 0/0
   286 | D:1      | Learned a level 1 spell: Apportation
   801 | D:2      | Noticed Natasha
   807 | D:2      | Killed Natasha
   808 | D:2      | Reached XP level 4. HP: 11/31 MP: 0/0
  1017 | D:2      | Noticed Natasha
  1256 | D:2      | Found a broken altar of Ashenzari.
  1286 | D:2      | Killed Natasha
  1372 | D:2      | Reached XP level 5. HP: 35/36 MP: 0/0
  1372 | D:2      | Learned a level 2 spell: Searing Ray
  1548 | D:2      | Noticed Natasha
  1553 | D:2      | Killed Natasha
  1554 | D:2      | Reached skill level 1 in Fighting
  1723 | D:3      | Found a hazy altar of Hepliaklqana.
  2593 | D:3      | Reached XP level 6. HP: 22/43 MP: 0/0
  2864 | D:4      | Reached skill level 5 in Spellcasting
  2864 | D:4      | Reached skill level 5 in Conjurations
  2864 | D:4      | Reached skill level 5 in Hexes
  2864 | D:4      | Reached skill level 5 in Summonings
  2864 | D:4      | Reached skill level 5 in Necromancy
  2864 | D:4      | Reached skill level 5 in Translocations
  2864 | D:4      | Reached skill level 5 in Transmutations
  2864 | D:4      | Reached skill level 5 in Fire Magic
  2864 | D:4      | Reached skill level 5 in Ice Magic
  2864 | D:4      | Reached skill level 5 in Air Magic
  2864 | D:4      | Reached skill level 5 in Earth Magic
  2864 | D:4      | Reached skill level 5 in Poison Magic
  3099 | D:4      | Found a runed translucent door.
  3145 | D:4      | Found a transporter.
  3188 | D:4      | Noticed Age's ghost (amateur MiFi)
  3210 | D:4      | Found a transporter.
  3851 | D:5      | Entered Level 5 of the Dungeon
  3853 | D:5      | Reached XP level 7. HP: 48/49 MP: 0/0
  3853 | D:5      | Learned a level 2 spell: Ensorcelled Hibernation
  4118 | D:3      | Found a hazy altar of Hepliaklqana.
  4931 | D:2      | Found a broken altar of Ashenzari.
  5424 | D:2      | Found a broken altar of Ashenzari.
  6364 | D:5      | Found a blossoming altar of Fedhas.
  6704 | D:5      | Found a hide-covered altar of Uskayaw.
  6708 | D:5      | Found a bloodstained altar of Trog.
  6709 | D:5      | Found Soutan's Armour Boutique.
  6929 | D:5      | Reached XP level 8. HP: 53/54 MP: 0/0
  8190 | D:7      | Found a sacrificial altar of Ru.
  8245 | D:7      | Reached XP level 9. HP: 50/58 MP: 0/0
  8245 | D:7      | Learned a level 3 spell: Mephitic Cloud
  8561 | D:7      | Reached skill level 1 in Short Blades
  8653 | D:7      | Found a basalt altar of Yredelemnul.
  8902 | D:7      | Found a staircase to the Ecumenical Temple.
  9068 | Temple   | Entered the Ecumenical Temple
  9082 | Temple   | Became a worshipper of Gozag Ym Sagoz the Greedy
  9200 | D:5      | Bought the +1 cloak "Zeygebru" {rF+ Int+2} for 332 gold
                  | pieces
  9402 | D:8      | Found a flagged portal.
  9506 | Bailey   | Entered a bailey
  9666 | Bailey   | Reached XP level 10. HP: 53/64 MP: 0/0
  9679 | Bailey   | Reached skill level 5 in Dodging
  9687 | Bailey   | Found a burning altar of Makhleb.
  9862 | D:8      | Noticed Prince Ribbit
  9866 | D:8      | Killed Prince Ribbit
  9970 | D:8      | Found a burning altar of Makhleb.
 11177 | D:9      | Noticed Grum
 11186 | D:9      | Reached skill level 5 in Stealth
 11201 | D:9      | Killed Grum
 11299 | D:9      | Noticed Jeremiah
 11443 | D:9      | Killed Jeremiah
 11444 | D:9      | Reached skill level 5 in Short Blades
 11532 | D:9      | Found Maick's Armour Emporium.
 11576 | D:9      | Found a glowing silver altar of Zin.
 11599 | D:9      | Noticed Psyche
 11606 | D:9      | Killed Psyche
 11661 | D:9      | Noticed Pikel
 11662 | D:9      | Reached XP level 11. HP: 62/68 MP: 0/0
 11662 | D:9      | Learned a level 5 spell: Irradiate
 11712 | D:9      | Noticed Maggie
 11745 | D:9      | Killed Maggie
 11807 | D:9      | Killed Pikel
 12032 | D:9      | Found Xoonnadd's Lightly-Used Armoury.
 12040 | D:9      | Bought a -2 quick blade for 85 gold pieces
 12280 | D:10     | Entered Level 10 of the Dungeon
 12284 | D:10     | Noticed Harold
 12647 | D:10     | Killed Harold
 12648 | D:10     | Reached skill level 10 in Spellcasting
 12648 | D:10     | Reached skill level 10 in Conjurations
 12648 | D:10     | Reached skill level 10 in Hexes
 12648 | D:10     | Reached skill level 10 in Summonings
 12648 | D:10     | Reached skill level 10 in Necromancy
 12648 | D:10     | Reached skill level 10 in Translocations
 12648 | D:10     | Reached skill level 10 in Transmutations
 12648 | D:10     | Reached skill level 10 in Fire Magic
 12648 | D:10     | Reached skill level 10 in Ice Magic
 12648 | D:10     | Reached skill level 10 in Air Magic
 12648 | D:10     | Reached skill level 10 in Earth Magic
 12648 | D:10     | Reached skill level 10 in Poison Magic
 12677 | D:10     | Found a staircase to the Lair.
 12950 | D:10     | Found a staircase to the Orcish Mines.
 13322 | Lair:1   | Entered Level 1 of the Lair of Beasts
 13538 | Lair:1   | Reached skill level 10 in Dodging
 13654 | Lair:1   | Reached XP level 12. HP: 60/74 MP: 0/0
 13865 | Lair:1   | Found a large runed translucent door.
 13865 | Lair:1   | Found a large runed translucent door.
 13870 | Lair:1   | Noticed turgid's ghost (journeyman MiBe)
 14169 | Lair:2   | Noticed a skyshark
 14177 | Lair:2   | Killed a skyshark
 14557 | Lair:2   | Noticed a four-headed hydra
 14570 | Lair:2   | Noticed a six-headed hydra
 14915 | Lair:1   | Found Lehium Momo's Jewellery Shop.
 15058 | Lair:1   | Killed a four-headed hydra
 15665 | Lair:2   | Noticed a six-headed hydra
 15753 | Lair:1   | Killed a six-headed hydra
 16004 | Lair:2   | Killed a six-headed hydra
 16216 | Lair:2   | Reached XP level 13. HP: 59/78 MP: 0/0
 16216 | Lair:2   | Learned a level 5 spell: Freezing Cloud
 16302 | Lair:1   | Bought the ring "Emnuj" {Contam EV+5 Int+3 Dex+2 Stlth+}
                  | for 709 gold pieces
 16750 | Lair:2   | Found a hole to the Spider Nest.
 17070 | Lair:2   | You are sucked into a shaft and drop 1 floor!
 17830 | Lair:3   | Found a staircase to the Swamp.
 18471 | Lair:4   | Noticed a seven-headed hydra
 18484 | Lair:4   | Killed a seven-headed hydra
 19509 | Lair:5   | Entered Level 5 of the Lair of Beasts
 19981 | Lair:5   | Reached XP level 14. HP: 72/85 MP: 0/0
 20318 | Lair:5   | Bought a scroll of teleportation for 48 gold pieces
 20318 | Lair:5   | Bought a scroll of teleportation for 48 gold pieces
 20318 | Lair:5   | Bought a scroll of blinking for 120 gold pieces
 20849 | Lair:5   | Found a sparkling altar of Nemelex Xobeh.
 21884 | Lair:5   | Found a viscous altar of Jiyva.
 21886 | Lair:5   | Found a staircase to the Slime Pits.
 23260 | Orc:1    | Entered Level 1 of the Orcish Mines
 23678 | Orc:1    | Noticed Fisiatsi's ghost (journeyman TrSh)
 23719 | Orc:1    | Found a runed translucent gate.
 23719 | Orc:1    | Found a runed translucent gate.
 23719 | Orc:1    | Found a runed translucent gate.
 23773 | Orc:1    | Reached skill level 15 in Spellcasting
 23773 | Orc:1    | Reached skill level 15 in Conjurations
 23773 | Orc:1    | Reached skill level 15 in Hexes
 23773 | Orc:1    | Reached skill level 15 in Summonings
 23773 | Orc:1    | Reached skill level 15 in Necromancy
 23773 | Orc:1    | Reached skill level 15 in Translocations
 23773 | Orc:1    | Reached skill level 15 in Transmutations
 23773 | Orc:1    | Reached skill level 15 in Fire Magic
 23773 | Orc:1    | Reached skill level 15 in Ice Magic
 23773 | Orc:1    | Reached skill level 15 in Air Magic
 23773 | Orc:1    | Reached skill level 15 in Earth Magic
 23773 | Orc:1    | Reached skill level 15 in Poison Magic
 24271 | Orc:2    | Entered Level 2 of the Orcish Mines
 24276 | Orc:2    | Reached skill level 15 in Dodging
 24276 | Orc:2    | Reached XP level 15. HP: 74/89 MP: 0/0
 24276 | Orc:2    | Learned a level 6 spell: Starburst
 24604 | Orc:2    | Noticed an orc warlord
 25134 | Orc:2    | Found a staircase to the Elven Halls.
 25488 | Orc:2    | Found Xarghiuw's Weapon Boutique.
 26045 | D:10     | Bought a +2 cloak of willpower for 301 gold pieces
 27974 | Spider:1 | Entered Level 1 of the Spider Nest
 28882 | Lair:1   | Bought the amulet of Vuw Um Roudy {Reflect rN+ SH+5} for
                  | 576 gold pieces
 29372 | Spider:1 | Reached skill level 1 in Shields
 30285 | Spider:2 | Reached XP level 16. HP: 88/99 MP: 0/0
 31338 | Spider:2 | Reached skill level 5 in Fighting
 31581 | Spider:3 | Noticed an emperor scorpion
 31595 | Spider:3 | Killed an emperor scorpion
 31802 | Spider:3 | Noticed Louise
 31809 | Spider:3 | Killed Louise
 31863 | Spider:3 | Reached skill level 5 in Shields
 33161 | Spider:4 | Entered Level 4 of the Spider Nest
 33412 | Spider:4 | Noticed an emperor scorpion
 33415 | Spider:4 | Noticed an emperor scorpion
 33451 | Spider:4 | Killed an emperor scorpion
 33610 | Spider:4 | Noticed Agnes
 33857 | Spider:4 | Killed an emperor scorpion
 34735 | Spider:4 | Killed Agnes
 36297 | Spider:4 | Reached XP level 17. HP: 85/107 MP: 0/0
 36297 | Spider:4 | Learned a level 6 spell: Dispersal
 36756 | Spider:4 | Found the sphere of Battle
 37981 | Spider:4 | Got a gossamer rune of Zot
 37983 | Spider:4 | Identified the +0 pair of gloves of the Constellations
                  | {rElec rF+ rN+ Int+3}
 38790 | Orc:2    | Found Hunnog's Magic Scroll Emporium.
 38831 | Orc:2    | Bought a scroll of identify for 28 gold pieces
 38831 | Orc:2    | Bought a scroll of identify for 28 gold pieces
 38831 | Orc:2    | Bought a scroll of identify for 28 gold pieces
 38831 | Orc:2    | Bought a scroll of teleportation for 42 gold pieces
 38831 | Orc:2    | Bought a scroll of torment for 133 gold pieces
 38831 | Orc:2    | Bought a scroll of silence for 133 gold pieces
 39011 | Orc:2    | Found Sixemnen's Antique Armour Boutique.
 39014 | Orc:2    | Found Ymmahewouz's Antique Weapon Shop.
 39033 | Orc:2    | Bought a shimmering dagger for 217 gold pieces
 39033 | Orc:2    | Identified the +3 dagger of Biyfisch {freeze, Will++ rCorr
                  | SInv Stlth-} (You bought it in a shop on level 2 of the
                  | Orcish Mines)
 39262 | Orc:1    | Killed Fisiatsi's ghost
 39743 | D:12     | Found Caywic's General Store.
 40316 | D:13     | Noticed Lodul
 40316 | D:13     | Found a gate to the Vaults.
 40325 | D:13     | Killed Lodul
 40672 | D:13     | Identified the ring "Qeomauq" {Fly rC- Dex+4 SInv}
 42217 | D:14     | Noticed Jorgrun
 42223 | D:14     | Killed Jorgrun
 42403 | D:14     | Reached XP level 18. HP: 78/112 MP: 0/0
 43138 | D:15     | Entered Level 15 of the Dungeon
 43899 | D:15     | Found a staircase to the Depths.
 44209 | D:15     | Identified the +8 glaive of War {heavy, SInv}
 44455 | Swamp:1  | Entered Level 1 of the Swamp
 47485 | Swamp:2  | Identified a scroll of acquirement
 47487 | Swamp:2  | Acquired 878 gold pieces
 47617 | Swamp:3  | Reached XP level 19. HP: 40/128 MP: 0/0
 47617 | Swamp:3  | Learned a level 6 spell: Conjure Ball Lightning
 47619 | Swamp:3  | Found a frozen archway.
 47688 | IceCv    | Entered an ice cave
 48704 | IceCv    | Reached skill level 10 in Fighting
 50449 | Swamp:4  | Entered Level 4 of the Swamp
 52121 | Swamp:4  | Got a decaying rune of Zot
 52339 | Elf:1    | Entered Level 1 of the Elven Halls
 52346 | Elf:1    | Reached skill level 10 in Stealth
 53241 | Elf:1    | Reached XP level 20. HP: 121/143 MP: 0/0
 55403 | Elf:2    | Found a runed translucent gate.
 55403 | Elf:2    | Found a runed translucent gate.
 55403 | Elf:2    | Found a runed translucent gate.
 55482 | Elf:2    | Found Pean's Assorted Antiques.
 55497 | Elf:2    | Bought a scroll of teleportation for 105 gold pieces
 56010 | Elf:2    | Reached skill level 15 in Fighting
 57042 | Elf:2    | Bought a potion of resistance for 190 gold pieces
 57042 | Elf:2    | Bought a potion of mutation for 152 gold pieces
 57042 | Elf:2    | Bought 2 potions of invisibility for 304 gold pieces
 57042 | Elf:2    | Bought 2 potions of heal wounds for 190 gold pieces
 57042 | Elf:2    | Bought a potion of brilliance for 76 gold pieces
 57042 | Elf:2    | Bought a potion of curing for 57 gold pieces
 57042 | Elf:2    | Bought 2 potions of curing for 114 gold pieces
 57080 | Elf:3    | Entered Level 3 of the Elven Halls
 57415 | Elf:3    | Found Taklo's General Store.
 57633 | Elf:3    | Found Cacon's Assorted Antiques.
 57641 | Elf:3    | Bought a scroll of teleportation for 111 gold pieces
 57641 | Elf:3    | Bought a scroll of teleportation for 111 gold pieces
 57980 | Elf:3    | Reached XP level 21. HP: 157/158 MP: 0/0
 57980 | Elf:3    | Learned a level 7 spell: Ozocubu's Refrigeration
 58226 | Elf:3    | Found Nejoul's Distillery.
 58232 | Elf:3    | Bought a potion of heal wounds for 70 gold pieces
 58232 | Elf:3    | Bought a potion of heal wounds for 70 gold pieces
 59041 | Elf:3    | Identified the ring of Ziah {rF+ Str+6}
 59224 | Elf:3    | Identified the +0 ring mail of Magic {Harm Dex+3}
 59238 | Elf:3    | Identified the +8 spear of Fehoa {distort, Int+3}
 59637 | Elf:3    | Identified the staff of Day {*Slow rC+ Str+3 Dex+2 Conj}
 59649 | Elf:3    | Identified the +7 orcbow of the Contumacious God {flame,
                  | rF+ rC+ Will+}
 59680 | Elf:3    | Identified the +2 pair of gloves of Wybbao {rC+ Will+ Dex+3
                  | Slay+2}
 59680 | Elf:3    | Noticed Nikola
 59694 | Elf:3    | Killed Nikola
 59995 | Elf:3    | Identified the staff of Amortisation {Fragile rElec rPois
                  | rF+ Stlth+ Fire}
 60499 | D:15     | Upgraded the game from 0.31-a0-636-ge1c0e020e0 to
                  | 0.31-a0-640-g39d97e502b
 60533 | Vaults:1 | Entered Level 1 of the Vaults
 60944 | Vaults:1 | Found Kynkolam's Magic Scroll Emporium.
 60957 | Vaults:1 | Bought a scroll of teleportation for 36 gold pieces
 60957 | Vaults:1 | Bought a scroll of teleportation for 36 gold pieces
 60957 | Vaults:1 | Bought a scroll of teleportation for 36 gold pieces
 61933 | Vaults:1 | Noticed Asterion
 61937 | Vaults:1 | Noticed Aizul
 61941 | Vaults:1 | Killed Asterion
 61947 | Vaults:1 | Killed Aizul
 62111 | Vaults:1 | Reached XP level 22. HP: 156/174 MP: 0/0
 62771 | Vaults:1 | Found Decapu's Weapon Shop.
 64060 | Vaults:2 | Identified the ring "Gauczebi" {Wiz rC++ Dex+3}
 64776 | Vaults:2 | Reached skill level 10 in Short Blades
 65370 | Vaults:2 | Found a transporter.
 65387 | Vaults:2 | Noticed Tollund's ghost (adept GrEE)
 65416 | Vaults:2 | Found a transporter.
 65777 | Vaults:2 | Bought the +5 moon troll leather armour {Spirit, Regen++
                  | MP+5} for 1725 gold pieces
 65777 | Vaults:2 | Found the +5 moon troll leather armour {Spirit, Regen++
                  | MP+5}
 65897 | Vaults:3 | Reached skill level 1 in Armour
 66124 | Vaults:3 | Found Battoese's Distillery.
 66288 | Vaults:3 | Found a staircase to the Crypt.
 66550 | Vaults:3 | Found a runed translucent gate.
 66550 | Vaults:3 | Found a runed translucent gate.
 66550 | Vaults:3 | Found an opulent altar of Gozag.
 66550 | Vaults:3 | Found a runed translucent gate.
 66551 | Vaults:3 | Found Erphyth's Assorted Antiques.
 66552 | Vaults:3 | Noticed Eugor's ghost (adept DECj)
 66777 | Vaults:3 | Killed Eugor's ghost
 66781 | Vaults:3 | Reached XP level 23. HP: 98/180 MP: 0/0
 66781 | Vaults:3 | Learned a level 8 spell: Ignition
 66913 | Vaults:3 | Reached skill level 5 in Armour
 67143 | Vaults:4 | Noticed Frederick
 67148 | Vaults:4 | Killed Frederick
 68054 | Vaults:4 | Identified the +2 leather armour "Buppuc" {rElec rC+ Str+3
                  | Int+2}
 68195 | Vaults:4 | Noticed Bai Suzhen
 68201 | Vaults:4 | Killed Bai Suzhen
 68307 | Vaults:5 | Entered Level 5 of the Vaults
 68312 | Vaults:5 | Noticed a golden dragon
 68322 | Vaults:5 | Killed a golden dragon
 68344 | Vaults:5 | Noticed a golden dragon
 68345 | Vaults:5 | Reached XP level 24. HP: 153/187 MP: 0/0
 68354 | Vaults:5 | Killed a golden dragon
 68450 | Vaults:5 | Identified the ring "Wusu" {rC++ rCorr EV+5 Dex-2 Stlth+}
 68516 | Vaults:5 | Noticed a dread lich
 68525 | Vaults:5 | Killed a dread lich
 68742 | Vaults:5 | Noticed a golden dragon
 68754 | Vaults:5 | Killed a golden dragon
 68873 | Vaults:5 | Identified the ring of Cheibriados's Pride {Fire SInv}
 69131 | Vaults:5 | Noticed a golden dragon
 69135 | Vaults:5 | Noticed an ancient lich
 69151 | Vaults:5 | Killed an ancient lich
 69154 | Vaults:5 | Killed a golden dragon
 69299 | Vaults:5 | Identified the staff "Dam Guici" {rN+ SInv Necro}
 69470 | Vaults:5 | Got a silver rune of Zot
 69744 | Vaults:5 | Noticed an ancient lich
 69750 | Vaults:5 | Killed an ancient lich
 70131 | Vaults:5 | Noticed an ancient lich
 70144 | Vaults:5 | Killed an ancient lich
 70235 | Vaults:5 | Bought an amulet of regeneration for 630 gold pieces
 70538 | Depths:1 | Entered Level 1 of the Depths
 70691 | Depths:1 | Found Gozag's Assorted Antiques.
 70701 | Depths:1 | Reached XP level 25. HP: 177/194 MP: 0/0
 70701 | Depths:1 | Learned a level 8 spell: Discord
 70701 | Depths:1 | Found Gozag's Antique Weapon Shoppe.
 70757 | Depths:1 | Found an opulent altar of Gozag.
 70761 | Depths:1 | Found Gozag's Antique Weapon Shoppe.
 70895 | Depths:1 | You are sucked into a shaft and drop 1 floor!
 71140 | Depths:1 | Found Flog's Fabulous Fripperies.
 71157 | Depths:1 | Bought a manual of Fighting for 1520 gold pieces
 71157 | Depths:1 | Bought a wand of flame (11) for 146 gold pieces
 71157 | Depths:1 | Bought a manual of Fire Magic for 1520 gold pieces
 71480 | Depths:1 | Found a gateway to Hell.
 71743 | Depths:1 | Found Uxtaguorr's Book Shop.
 71743 | Depths:1 | Found Goad's Jewellery Shoppe.
 71744 | Depths:1 | Found Fiogulap's Book Shop.
 71999 | Depths:2 | Found a runed translucent door.
 72134 | Depths:2 | Found a one-way gate leading to the halls of Pandemonium.
 73044 | Depths:2 | Noticed an ancient lich
 73055 | Depths:2 | Killed an ancient lich
 73157 | Depths:2 | Identified the +6 long sword of Beogh's Outrage {freeze,
                  | *Rage rF- Dex+8 SInv}
 73541 | Depths:2 | Noticed justen's ghost (adept HOBe)
 73551 | Depths:2 | Killed justen's ghost
 73564 | Depths:2 | Identified the +4 flail "Wizuymn" {drain, *Rage rF+ rN+
                  | rCorr}
 73733 | Depths:1 | Bought the amulet of Vitality {RegenMP++ Regen++} for 2100
                  | gold pieces
 73733 | Depths:1 | Found the amulet of Vitality {RegenMP++ Regen++}
 73962 | Depths:3 | Reached XP level 26. HP: 209/213 MP: 0/0
 74170 | Depths:3 | Found a corrupted altar of Lugonu.
 74170 | Depths:3 | Found a one-way gate to the infinite horrors of the Abyss.
 75150 | Depths:4 | Entered Level 4 of the Depths
 75368 | Depths:4 | Found a gate to the Realm of Zot.
 75801 | Depths:4 | Found a one-way gateway to a ziggurat.
 75815 | Depths:4 | Found a gateway to a bazaar.
 76353 | Hell     | Entered the Vestibule of Hell
 76353 | Hell     | Noticed Geryon
 76431 | Hell     | Found a gateway to the Iron City of Dis.
 76477 | Hell     | Killed Geryon
 76622 | Hell     | Found a gateway to the freezing wastes of Cocytus.
 76691 | Hell     | Found a gateway to the decaying netherworld of Tartarus.
 76797 | Hell     | Found a gateway to the ashen valley of Gehenna.
 77064 | Depths:3 | Voluntarily entered the Abyss.
 77155 | Abyss:3  | Found a corrupted altar of Lugonu.
 77186 | Abyss:3  | Reached XP level 27. HP: 195/226 MP: 0/0
 77186 | Abyss:3  | Learned a level 9 spell: Fire Storm
 77192 | Abyss:3  | Found a glowing golden altar of the Shining One.
 77225 | Abyss:3  | Noticed a juggernaut
 77229 | Abyss:3  | Killed a juggernaut
 77234 | Abyss:3  | Got an abyssal rune of Zot
 77357 | Abyss:3  | Found a corrupted altar of Lugonu.
 77547 | Depths:3 | Escaped the Abyss
 77813 | Slime:1  | Entered Level 1 of the Pits of Slime
 77868 | Slime:2  | You are sucked into a shaft and drop 2 floors!
 77877 | Slime:5  | Entered Level 5 of the Pits of Slime
 77944 | Slime:5  | Gained mutation: You are very vulnerable to cold. (rC--) [a
                  | shining eye]
 77947 | Slime:5  | Noticed the Royal Jelly
 77951 | Slime:5  | Killed the Royal Jelly
 78083 | Slime:5  | Found the ring of the Tortoise {AC+8}
 78114 | Slime:5  | Identified the ring of Educimn {AC+4 Str+3 Dex+3}
 78146 | Slime:5  | Identified the staff "Mimin" {rC+ Str+5 Ice}
 78155 | Slime:5  | Got a slimy rune of Zot
 78237 | Slime:5  | Identified the +5 battleaxe of the Powerful God {drain,
                  | Drain rElec rC+}
 78786 | Slime:4  | Gained mutation: You occasionally lose the ability to drink
                  | potions when taking damage. [a shining eye]
 79180 | Slime:3  | Gained mutation: You sometimes lose the ability to drink
                  | potions when taking damage. [a shining eye]
 79903 | Lair:1   | Killed turgid's ghost
 81305 | Vaults:2 | Killed Tollund's ghost
 81584 | Crypt:1  | Entered Level 1 of the Crypt
 83493 | Bazaar   | Entered a bazaar
 83514 | Bazaar   | Found Xeyrph's Jewellery Shoppe.
 83514 | Bazaar   | Found Esmawkau's Weapon Emporium.
 83536 | Bazaar   | Found Kycrext's Distillery.
 83541 | Bazaar   | Bought a potion of heal wounds for 60 gold pieces
 83541 | Bazaar   | Bought a potion of haste for 120 gold pieces
 83541 | Bazaar   | Bought a potion of haste for 120 gold pieces
 83541 | Bazaar   | Bought a potion of haste for 120 gold pieces
 83541 | Bazaar   | Bought a potion of brilliance for 48 gold pieces
 83552 | Bazaar   | Found Roumuig's General Store.
 83552 | Bazaar   | Found Juzod's Assorted Antiques.
 83588 | Bazaar   | Bought a scroll of enchant armour for 165 gold pieces
 83628 | Bazaar   | Bought the ring of the Lusting Gods {Contam rElec rF+ rCorr
                  | Dex+6} for 741 gold pieces
 84018 | Crypt:3  | Entered Level 3 of the Crypt
 84036 | Crypt:3  | Gained mutation: Potions are less effective at restoring
                  | your health. [mutagenic glow]
 84091 | Crypt:3  | Noticed Mennas
 84095 | Crypt:3  | Killed Mennas
 84100 | Crypt:3  | Noticed Khufu
 84106 | Crypt:3  | Killed Khufu
 84114 | Crypt:3  | Gained mutation: You are partially covered in iridescent
                  | scales. (AC +2) [mutagenic glow]
 84598 | Crypt:3  | Noticed a dread lich
 84602 | Crypt:3  | Killed a dread lich
 85641 | Crypt:3  | Found a staircase to the Tomb.
 86061 | Crypt:3  | Identified the +0 leather armour of Vydet {Int+3}
 86392 | Pan      | Entered Pandemonium
 86993 | Pan      | Noticed Socip the pandemonium lord
 86999 | Pan      | Killed Socip the pandemonium lord
 87561 | Pan      | Found a transporter.
 87632 | Pan      | Found a transporter.
 87910 | Pan      | Identified the ring "Duhe" {+Blink rF+ rC- Str+4 Slay+6
                  | SInv}
 87912 | Pan      | Identified the ring of Kucwoj {rPois MP+9 Str+5 SInv
                  | Stlth-}
 88112 | Pan      | Found a huge runed translucent gate.
 88134 | Pan      | Found a huge runed translucent gate.
 88135 | Pan      | Found a huge runed translucent gate.
 88135 | Pan      | Found a huge runed translucent gate.
 88135 | Pan      | Found a huge runed translucent gate.
 88135 | Pan      | Found a huge runed translucent gate.
 88139 | Pan      | Found a huge runed translucent gate.
 88142 | Pan      | Noticed Azemucow the pandemonium lord
 88149 | Pan      | Killed Azemucow the pandemonium lord
 88350 | Pan      | Identified the +1 cloak "Fyib" {Rampage rC- Str+3 Stlth+}
 88938 | Pan      | Reached skill level 27 in Hexes
 89381 | Pan      | Gained mutation: You occasionally shout uncontrollably at
                  | your foes. [a neqoxec]
 89420 | Pan      | Noticed Ahiazier the pandemonium lord
 89423 | Pan      | Killed Ahiazier the pandemonium lord
 89550 | Pan      | Reached skill level 27 in Fire Magic
 89739 | Pan      | Identified the +0 robe of the Thoughtful Violins {Archmagi}
 90004 | Pan      | Noticed Vyunih the pandemonium lord
 90083 | Pan      | Got a demonic rune of Zot
 90107 | Pan      | Killed Vyunih the pandemonium lord
 90902 | Pan      | Noticed Lisenidwij the pandemonium lord
 90906 | Pan      | Killed Lisenidwij the pandemonium lord
 91543 | Pan      | Noticed Ponof the pandemonium lord
 91552 | Pan      | Killed Ponof the pandemonium lord
 91627 | Pan      | Entered the realm of Gloorx Vloq.
 91751 | Pan      | Identified the ring "Xeadd" {*Slow rC+++ Will+ rCorr Str-4}
 92442 | Pan      | Noticed Gloorx Vloq
 93052 | Pan      | Killed Gloorx Vloq
 93128 | Pan      | Got a dark rune of Zot
 93588 | Pan      | Found an exit through the horrors of the Abyss.
 93700 | Pan      | Noticed Jofir the pandemonium lord
 93704 | Pan      | Killed Jofir the pandemonium lord
 94551 | Pan      | Noticed Wouzatuyss the pandemonium lord
 94558 | Pan      | Killed Wouzatuyss the pandemonium lord
 94568 | Pan      | Gained mutation: Armour fits poorly on your strangely
                  | shaped body. [a cacodemon]
 95169 | Pan      | Entered the realm of Lom Lobon.
 95987 | Pan      | Noticed Lom Lobon
 95996 | Pan      | Killed Lom Lobon
 96085 | Pan      | Got a magical rune of Zot
 96526 | Pan      | Identified the +6 broad axe "Gucehit" {freeze, *Corrode
                  | Will- Str+3 Dex+6}
 96563 | Pan      | Reached skill level 27 in Spellcasting
 96563 | Pan      | Reached skill level 27 in Conjurations
 96563 | Pan      | Reached skill level 27 in Summonings
 96563 | Pan      | Reached skill level 27 in Necromancy
 96563 | Pan      | Reached skill level 27 in Translocations
 96563 | Pan      | Reached skill level 27 in Transmutations
 96563 | Pan      | Reached skill level 27 in Ice Magic
 96563 | Pan      | Reached skill level 27 in Air Magic
 96563 | Pan      | Reached skill level 27 in Earth Magic
 96563 | Pan      | Reached skill level 27 in Poison Magic
 96626 | Pan      | Noticed Supneut the pandemonium lord
 96630 | Pan      | Killed Supneut the pandemonium lord
 96631 | Pan      | Reached skill level 1 in Evocations
 97035 | Pan      | Identified the +1 helmet "Qon Tor" {rF+ Str-2 Dex+4}
 97130 | Pan      | Found an exit through the horrors of the Abyss.
 97405 | Pan      | Entered the realm of Mnoleg.
 97405 | Pan      | Noticed Mnoleg
 97408 | Pan      | Got a glowing rune of Zot
 97474 | Pan      | Reached skill level 5 in Evocations
 97649 | Pan      | Gained mutation: You sometimes lose your temper in combat.
                  | [a cacodemon]
 97651 | Pan      | Reached skill level 10 in Armour
 97872 | Pan      | Killed Mnoleg
 98419 | Pan      | Entered the realm of Cerebov.
 98478 | Pan      | Reached skill level 10 in Evocations
 98584 | Pan      | Found the +6 sword of Cerebov {flame}
 98584 | Pan      | Noticed Cerebov
 99036 | Pan      | Killed Cerebov
 99320 | Pan      | Identified the ring of Degu {rC- Will+ rCorr Str+3 Int+8}
 99326 | Pan      | Identified the +1 robe "Kit Cuclol" {Will+}
 99327 | Pan      | Identified the ring of Imiluraa {rPois rC+}
 99374 | Pan      | Identified the +8 war axe "Xom Ysil" {protect, rElec rCorr}
 99375 | Pan      | Identified the ring of Greater Demons {rPois rC+ Will-
                  | Dex+3 SInv}
 99394 | Pan      | Identified the +10 morningstar of Eternal Harmony {flame,
                  | Will++ Dex+2}
 99457 | Pan      | Got a fiery rune of Zot
 99989 | Pan      | Noticed Roga the pandemonium lord
 99992 | Pan      | Killed Roga the pandemonium lord
100355 | Pan      | Found an exit through the horrors of the Abyss.
100810 | Depths:2 | Escaped Pandemonium
100890 | Zot:1    | Entered Level 1 of the Realm of Zot
100920 | Zot:1    | Noticed an orb of fire
100926 | Zot:1    | Killed an orb of fire
101035 | Zot:1    | Reached skill level 15 in Evocations
101682 | Zot:2    | Noticed an orb of fire
101690 | Zot:2    | Killed an orb of fire
104295 | Zot:5    | Entered Level 5 of the Realm of Zot
105525 | Zot:5    | Noticed a dread lich
105528 | Zot:5    | Killed a dread lich
105579 | Zot:5    | Noticed a Killer Klown
105583 | Zot:5    | Killed a Killer Klown
105584 | Zot:5    | Noticed an ancient lich
105587 | Zot:5    | Killed an ancient lich
105587 | Zot:5    | Killed a Killer Klown
105588 | Zot:5    | Noticed a dread lich
105591 | Zot:5    | Killed a dread lich
105747 | Zot:5    | Noticed an ancient lich
105750 | Zot:5    | Killed an ancient lich
105754 | Zot:5    | Noticed an ancient lich
105757 | Zot:5    | Killed an ancient lich
105758 | Zot:5    | Noticed an ancient lich
105758 | Zot:5    | Noticed an orb of fire
105759 | Zot:5    | Gained mutation: You have an uncontrollable temper. [an orb
                  | of fire]
105783 | Zot:5    | Killed an ancient lich
105789 | Zot:5    | Killed an orb of fire
105795 | Zot:5    | Noticed an orb of fire
105800 | Zot:5    | Killed an orb of fire
105890 | Zot:5    | Noticed a dread lich
105892 | Zot:5    | Killed a dread lich
105897 | Zot:5    | Noticed a Killer Klown
105899 | Zot:5    | Killed a Killer Klown
106416 | Depths:4 | Lost mutation: You are very vulnerable to cold. (rC--)
                  | [potion of mutation]
106416 | Depths:4 | Lost mutation: Potions are less effective at restoring your
                  | health. [potion of mutation]
106416 | Depths:4 | Lost mutation: You have an uncontrollable temper. [potion
                  | of mutation]
106416 | Depths:4 | Gained mutation: Your body sometimes deteriorates upon
                  | taking damage. [potion of mutation]
106416 | Depths:4 | Lost mutation: You sometimes lose your temper in combat.
                  | [potion of mutation]
106417 | Depths:4 | Lost mutation: You are partially covered in iridescent
                  | scales. (AC +2) [potion of mutation]
106417 | Depths:4 | Lost mutation: Armour fits poorly on your strangely shaped
                  | body. [potion of mutation]
106417 | Depths:4 | Gained mutation: Armour fits poorly on your strangely
                  | shaped body. [potion of mutation]
106418 | Depths:4 | Lost mutation: Your body sometimes deteriorates upon taking
                  | damage. [potion of mutation]
106418 | Depths:4 | Lost mutation: You occasionally shout uncontrollably at
                  | your foes. [potion of mutation]
106418 | Depths:4 | Lost mutation: Armour fits poorly on your strangely shaped
                  | body. [potion of mutation]
106418 | Depths:4 | Gained mutation: You have a pair of small horns on your
                  | head. [potion of mutation]
106419 | Depths:4 | Lost mutation: You sometimes lose the ability to drink
                  | potions when taking damage. [potion of mutation]
106419 | Depths:4 | Lost mutation: You occasionally lose the ability to drink
                  | potions when taking damage. [potion of mutation]
106419 | Depths:4 | Lost mutation: You have a pair of small horns on your head.
                  | [potion of mutation]
106419 | Depths:4 | Gained mutation: You have a somewhat thin skeletal
                  | structure. (Dex +2, Stealth+) [potion of mutation]
106419 | Depths:4 | Gained mutation: You are agile. (Dex +4, Str/Int -1)
                  | [potion of mutation]
106419 | Depths:4 | Gained mutation: Your mind is acute. (Int +4, Str/Dex -1)
                  | [potion of mutation]
106602 | Zot:5    | Got the Orb of Zot
106731 | Zot:3    | Noticed Deyr the pandemonium lord
106747 | Zot:3    | Killed Deyr the pandemonium lord
107222 | D:1      | Upgraded the game from 0.31-a0-640-g39d97e502b to
                  | 0.31-a0-654-gbe3e110b4e
107223 | D:$      | Escaped with the Orb!

Illustrated notes

Levels and vault maps discovered:
D:1:      elethiomel_arrival_shortcut, layout_basic, st_stairs_14,
          hangedman_glass_teeth, corexii_leaking_fountain, minmay_tetromino_l4
D:2:      layout_loops_ring, basic_altar, serial_bayou, serial_bayou_shore_a,
          serial_bayou_shore_b, serial_bayou_ford_a, serial_bayou_lake_a,
          serial_bayou_pond_e, serial_bayou_pond_a, dreamdust_wishing_well,
          uniq_natasha
D:3:      layout_loops_corners, mainiacjoe_overflow_alcove_1
D:4:      gammafunk_wand_slinger, layout_basic, ebering_ghost_sewer_d,
          amcnicky_mini_corridor_feature
D:5:      layout_gridville, lemuel_crystal_altar, grunt_temple_overflow_open,
          serial_shops, shop, nicolae_zen_rock_garden
D:6:      layout_gridville
D:7:      layout_loops_ring, overflow_temple_1_default,
          mainiacjoe_overflow_alcove_4, minmay_temple_entry_glassed_door,
          serial_bayou_lagoon_a, serial_bayou_pond_a
D:8:      layout_cave_pods, mainiacjoe_overflow_surrounded_room, enter_bailey_5,
          uniq_prince_ribbit1
D:9:      layout_basic, old_standard_altar, serial_glass, glass_columns_a,
          glass_columns_b, glass_columns_b, glass_columns_a, glass_columns_a,
          glass_columns_a, serial_shops, nicolae_shop_advertising_works
          [nicolae_subvault_shop_adworks], minmay_misc_feat_square,
          minmay_shop_damaged, uniq_psyche, uniq_maggie, uniq_pikel,
          uniq_jeremiah, uniq_grum
D:10:     layout_cave_pools, lair_entry_dummy, erik_orc_3, uniq_harold
D:11:     layout_basic, hangedman_decor_lopped, minivault_25_ag,
          minmay_misc_feat_nine_boxes
D:12:     layout_loops_ring, serial_shops, nicolae_diamond_shop
D:13:     cheibrodos_elevator_heist, layout_irregular_city, david_vaults_3
D:14:     layout_cave_pools, serial_park_paths [serial_park_minivault_5x5_2],
          serial_column_ruins, column_ruins_open_small, column_ruins_grid_3,
          column_ruins_grid_1, column_ruins_open_small_water,
          column_ruins_columns_straight, minmay_shattered_shrine, uniq_jorgrun
D:15:     grunt_enter_depths_hoard, layout_irregular_city, minivault_24,
          minmay_misc_feat_iff
Temple:   nicolae_temple_god_jail
Lair:1:   layout_misc_corridors, ebering_ghost_disaster_area,
          beast_lair_carwin_1
Lair:2:   layout_regular_city, spider_nest_entry_rubble, minmay_holes,
          pdpol_lair_cavern_descent
Lair:3:   layout_cave_pods, swamp_mist, kennysheep_rathole, grunt_megastairs_3
Lair:4:   layout_regular_city
Lair:5:   minmay_lair_end_enchanted_forest, layout_concentric_octagons,
          minmay_slime_entry_oklob_enclosed, basic_altar
Swamp:1:  layout_basic_swamp, nicolae_swamp_treefoil
Swamp:2:  nicolae_swamp_wrong_neighborhood, layout_basic_swamp,
          nicolae_swamp_well_well_well
Swamp:3:  layout_falls_marsh, portal_ice_cave_entry_dragon,
          evilmike_swamp_ruin_house_5, grunt_hermit_hut
Swamp:4:  swamp_icy, layout_basic_swamp, cheibrodos_swamp_pet_leeches
Spider:1: layout_spider_delve
Spider:2: layout_spider_delve
Spider:3: layout_cave_pods, drop_trap, uniq_louise
Spider:4: grunt_spider_rune_circles, nicolae_orb_island, uniq_agnes
Slime:1:  layout_caves
Slime:2:  layout_caves
Slime:3:  layout_caves
Slime:4:  cheibrodos_slime_lost_civilization_2, layout_caves,
          cheibrodos_slime_lost_civilization_4
Slime:5:  slime_pit_nicolae_jellycorners
Orc:1:    layout_caves, gammafunk_ghost_split
Orc:2:    grunt_orc_community_town_hall, layout_caves,
          grunt_orc_community_big_house_1, grunt_orc_community_big_house_1,
          grunt_orc_community_house_1, grunt_orc_community_house_3,
          grunt_orc_community_house_1, grunt_orc_community_house_1,
          grunt_orc_community_house_3
Elf:1:    elf_arrival_001, layout_geoelf_octagon, serial_aquarium,
          aquarium_bridge_straight [aquarium_subvault_bridge,
          aquarium_subvault_window, aquarium_subvault_bridge,
          aquarium_subvault_wall], aquarium_window_corridor_1,
          aquarium_window_fake, aquarium_window_fake, aquarium_window_1,
          aquarium_view_2d, aquarium_view_2c, aquarium_pool_five,
          minmay_elf_sorcery
Elf:2:    elven_hall_of_blades_hangedman_original [nicolae_blade_tridents],
          layout_onion_city, serial_shops, nicolae_shop_tiny_waterfront,
          einodemon_crawler_minivault
Elf:3:    minmay_elf_hall_spiked, layout_onion_city, serial_shops, shop, shop,
          shop, grunt_megastairs_4, uniq_nikola
Vaults:1: hangedman_vaults_snaps, nicolae_vaults_tetromino_T_1,
          st_smaller_cells, nicolae_vaults_heart-shaped_vault,
          nicolae_vaults_cochlea, nicolae_vaults_sightless_eye,
          hangedman_vaults_cutoff, ontoclasm_vaults_eye,
          nicolae_vaults_taking_the_gang_shopping, layout_vaults_omnigrid,
          serial_shops, shop_fountains, uniq_aizul, uniq_asterion
Vaults:2: gammafunk_ghost_mausoleum, hangedman_vaults_nodes,
          nicolae_vaults_mitosis, nicolae_vaults_hallways_thing,
          nicolae_vaults_surprise_closet, nicolae_vaults_house_3,
          nicolae_vaults_hexular_roomagon, layout_vaults_chaotic_city
Vaults:3: ebering_ghost_gozag, minmay_crypt_entry_simple_plaza, v_alt_pattern_1,
          nicolae_vaults_little_ls, hangedman_vaults_stretched_pinwheel,
          v_misc_8, vaults_room_fancy_cross, nicolae_vaults_back_hallway,
          nicolae_vaults_closet_pinwheel_1, nicolae_vaults_little_squares_5,
          nicolae_vaults_mini_display_case, nicolae_vaults_tetromino_L_1,
          nicolae_vaults_little_squares_2, nicolae_vaults_tetromino_T_1,
          layout_vaults_ring, serial_shops, nicolae_shop_peninsula
Vaults:4: nicolae_vaults_specimen_jars, nicolae_vaults_yaktaur_gun_rack,
          hangedman_vaults_river_flow, hangedman_vaults_impose,
          nicolae_vaults_trapezoid_1, nicolae_vaults_cornered_office,
          hangedman_vaults_trim, vaults_dpeg_spiral,
          nicolae_vaults_little_squares_6, nicolae_vaults_storage_closets_1,
          vaults_room_pool, v_misc_2, layout_vaults_omnibox, uniq_frederick,
          uniq_bai_suzhen
Vaults:5
Crypt:1:  layout_chaotic_city, serial_sigils_hangedman_gut,
          grunt_crypt_arrival_guarded_gate
Crypt:2:  layout_regular_city, serial_sigils_hangedman_stare,
          grunt_ministairs_15
Crypt:3:  evilmike_haunted_forest, uniq_margery, uniq_mennas, uniq_khufu
Depths:1: kennysheep_gozag_temple, layout_gridlike, hangedman_tar_grid_catacomb,
          drop_trap, hangedman_abyss_or_decor_passed, minivault_1,
          nicolae_alphabet_shops, serial_sigils_hangedman_writhe,
          wad_rectangle_vault, minmay_shop_grove
Depths:2: evilmike_halls_of_destruction, layout_basic,
          ebering_ghost_reflecting_pool, lightli_too_deep,
          rand_demon_pan_entry_8, minivault_16
Depths:3: minmay_angry_zag, layout_small_grid, hell_entry,
          abyss_entry_flame_altar, infiniplex_staircase_star, grunt_megastairs_5
Depths:4: evilmike_zot_entry_basic, layout_honeycomb, enter_ziggurat_c,
          serial_shops, bzr_entry_customers, grunt_hell_entry_dis_old
Hell
Zot:1:    layout_onion_interference
Zot:2:    layout_cellular_growth, bh_zot_lava_cross
Zot:3:    layout_cathedral_of_symmetry, st_stairs_11, nicolae_zot_crop_circle
Zot:4:    layout_gridlike
Zot:5:    layout_concentric_octagons, hangedman_zot_gyre

Skill      XL: |  1  2  3  4  5  6  7  8  9 10 11 12 13 14 15 16 17 18 19 20 21 22 23 24 25 26 27 |
---------------+----------------------------------------------------------------------------------+-----
Spellcasting   | 4 5 6 8 9 10 13 14 15 16 17 27 | 27.0
Conjurations   | 4 5 6 8 9 10 13 14 15 16 17 27 | 27.0
Hexes          | 4 5 6 8 9 10 13 14 15 16 17 18 27 | 27.0
Summonings     | 4 5 6 8 9 10 13 14 15 16 17 27 | 27.0
Necromancy     | 4 5 6 8 9 10 13 14 15 16 17 27 | 27.0
Translocations | 4 5 6 8 9 10 13 14 15 16 17 27 | 27.0
Transmutations | 4 5 6 8 9 10 13 14 15 16 17 27 | 27.0
Fire Magic     | 4 5 6 8 9 10 13 14 15 16 17 18 27 | 27.0
Ice Magic      | 4 5 6 8 9 10 13 14 15 16 17 27 | 27.0
Air Magic      | 4 5 6 8 9 10 13 14 15 16 17 27 | 27.0
Earth Magic    | 4 5 6 8 9 10 13 14 15 16 17 27 | 27.0
Poison Magic   | 4 5 6 8 9 10 13 14 15 16 17 27 | 27.0
Fighting       | 2 3 5 9 12 16 19 20 24 26 | 26.9
Short Blades   | 3 5 10 | 10.0
Stealth        | 3 5 7 10 | 10.0
Dodging        | 4 7 10 12 15 18 21 22 25 26 | 26.9
Shields        | 3 5 |  5.0
Armour         | 4 5 10 | 10.0
Evocations     | 23 | 23.9

Action                     |  1- 3 |  4- 6 |  7- 9 | 10-12 | 13-15 | 16-18 | 19-21 | 22-24 | 25-27 || total
---------------------------+-------+-------+-------+-------+-------+-------+-------+-------+-------++-------
  Melee: Unarmed           |     1 |     7 |       |       |       |       |       |       |       ||     8
         Punch             |       |     2 |       |       |       |       |       |       |       ||     2
         Dagger            |       |       |    14 |    43 |    28 |    15 |    17 |    11 |    45 ||   173
   Cast: Sandblast         |    50 |    75 |   134 |   289 |   627 |   265 |   237 |   162 |     8 ||  1847
         Stone Arrow       |       |     5 |    28 |     6 |       |       |     4 |       |       ||    43
         Mephitic Cloud    |       |       |    13 |    35 |    40 |    14 |       |       |       ||   102
         Irradiate         |       |       |       |    23 |    40 |    58 |    14 |    33 |    41 ||   209
         Freezing Cloud    |       |       |       |       |    94 |    56 |    27 |     1 |       ||   178
         Petrify           |       |       |       |       |     2 |     3 |       |       |       ||     5
         Ensorcelled Hiber |       |       |       |       |     1 |       |       |       |       ||     1
         Starburst         |       |       |       |       |       |   263 |   207 |    82 |   311 ||   863
         Dispersal         |       |       |       |       |       |     1 |       |       |    30 ||    31
         Conjure Ball Ligh |       |       |       |       |       |       |     2 |     1 |       ||     3
         Apportation       |       |       |       |       |       |       |     1 |       |   162 ||   163
         Ozocubu's Refrige |       |       |       |       |       |       |   108 |   292 |   610 ||  1010
         Ignition          |       |       |       |       |       |       |       |    29 |    20 ||    49
         Discord           |       |       |       |       |       |       |       |       |     6 ||     6
         Fire Storm        |       |       |       |       |       |       |       |       |  1403 ||  1403
 Invoke: Call Merchant     |       |       |       |     2 |     2 |     2 |     3 |     2 |     1 ||    12
  Evoke: Wand              |       |       |       |       |     1 |       |     2 |       |     1 ||     4
    Use: Scroll            |       |       |    12 |     2 |     9 |    11 |     2 |     1 |    12 ||    49
         Potion            |       |       |       |     1 |       |     2 |     2 |     5 |     9 ||    19
   Stab: Confused          |       |       |     2 |       |     1 |       |       |       |       ||     3
         Sleeping          |       |       |     1 |       |     4 |       |     6 |     7 |     6 ||    24
         Distracted        |       |       |       |       |       |     1 |       |       |       ||     1
 Armour: Robe              |     2 |     2 |    18 |   119 |    50 |    29 |    12 |     8 |       ||   240
         Troll leather arm |       |       |       |       |       |       |       |    16 |    54 ||    70
  Dodge: Dodged            |    15 |    32 |    46 |   324 |   559 |   415 |   324 |   390 |   778 ||  2883
  Block: Buckler           |       |       |       |       |    48 |   135 |       |       |       ||   183
         Orb               |       |       |       |       |       |    24 |    43 |    51 |       ||   118
         Reflection        |       |       |       |       |       |     2 |    10 |    10 |       ||    22

Table legend: (Time is in decaauts)
 A = Elapsed time spent in this place.
 B = Non-inter-level travel time spent in this place.
 C = Inter-level travel time spent in this place.
 D = Time resting spent in this place.
 E = Time spent auto-exploring this place.
 F = Levels seen in this place.
 G = Mean time per level.
                   A        B        C        D        E       F      G
               +--------+--------+--------+--------+--------+-----+--------+
         Total | 108271 |  99885 |   8386 |  26215 |  50901 |  78 | 1388.1 |
       Dungeon |  22097 |  19422 |   2675 |   3986 |  12143 |  15 | 1473.1 |
        Temple |     26 |     14 |     12 |      0 |      0 |   1 |   26.0 |
          Lair |  11318 |   9765 |   1553 |   3341 |   4369 |   5 | 2263.6 |
         Swamp |   5516 |   5275 |    241 |   1275 |   3110 |   4 | 1379.0 |
   Spider Nest |  10410 |   9975 |    435 |   5864 |   2192 |   4 | 2602.5 |
    Slime Pits |   1950 |   1846 |    104 |     59 |   1223 |   5 |  390.0 |
  Orcish Mines |   4040 |   3694 |    346 |   1644 |    974 |   2 | 2020.0 |
   Elven Halls |   8058 |   7799 |    259 |   3482 |   2867 |   3 | 2686.0 |
        Vaults |  10513 |   9571 |    942 |   2403 |   4352 |   5 | 2102.6 |
         Crypt |   3992 |   3791 |    201 |    324 |   2444 |   3 | 1330.7 |
        Depths |   6253 |   5316 |    937 |    382 |   3212 |   4 | 1563.2 |
          Hell |    650 |    650 |      0 |      9 |    295 |   1 |  650.0 |
           Zot |   5905 |   5231 |    674 |   1002 |   3507 |   5 | 1181.0 |
         Abyss |    488 |    488 |      0 |    116 |     17 |   3 |  162.7 |
   Pandemonium |  14391 |  14391 |      0 |    869 |   9814 |  15 |  959.4 |
        Bazaar |    177 |    177 |      0 |      0 |     78 |   1 |  177.0 |
        Bailey |    295 |    295 |      0 |     94 |      0 |   1 |  295.0 |
      Ice Cave |   2184 |   2184 |      0 |   1364 |    304 |   1 | 2184.0 |
               +--------+--------+--------+--------+--------+-----+--------+

Top non-repeatable levels by time:
Spider:4: 4642 daAuts
  Lair:5: 3241 daAuts
  Lair:1: 3011 daAuts
   Elf:3: 2998 daAuts
Vaults:1: 2956 daAuts
Spider:1: 2862 daAuts
Vaults:2: 2597 daAuts
   Elf:2: 2567 daAuts
   Elf:1: 2492 daAuts
     D:2: 2368 daAuts
   IceCv: 2184 daAuts
   Zot:5: 2163 daAuts
 Crypt:3: 2109 daAuts
   Orc:2: 2108 daAuts
     D:3: 2094 daAuts
